 Dungeon Crawl Stone Soup version 0.28-a0-1567-g1695149f81 (webtiles) character file.

Game seed: 4147684970223781324

282 lessens the Firebug (level 6, -3/44 HPs)
             Began as a Gnoll Fire Elementalist on Jan 19, 2022.
             Slain by Edmund (10 damage)
             ... on level 4 of the Dungeon.
             The game lasted 00:06:23 (3651 turns).

lessens the Firebug (Gnoll Fire Elementalist)       Turns: 3651, Time: 00:06:24

Health: -3/44      AC:  2    Str: 10    XL:     6   Next: 28%
Magic:  5/14       EV: 13    Int: 14    God:
Gold:   96         SH:  0    Dex: 12    Spells: 9/15 levels left

rFire   . . .      SeeInvis .   d - +0 short sword (flame)
rCold   . . .      Faith    .   (no shield)
rNeg    . . .      Spirit   .   a - +0 robe
rPois   .          Reflect  .   (no helmet)
rElec   .          Harm     .   (no cloak)
rCorr   .          Rampage  .   (no gloves)
Will    .....                   (no boots)
Stlth   +++.......              (no amulet)
HPRegen 0.14/turn               (no ring)
MPRegen 0.14/turn               (no ring)

@: no status effects
A: fangs 1, strong nose, distributed training
a: no special abilities


You were on level 4 of the Dungeon.
You visited 1 branch of the dungeon, and saw 4 of its levels.

You collected 96 gold pieces.

Inventory:

Hand Weapons
 d - a +0 short sword of flaming (weapon)
Missiles
 b - 164 stones
Armour
 a - a +0 robe (worn)
Jewellery
 c - an amulet of the acrobat
Scrolls
 e - 2 scrolls of teleportation {unknown}
 f - a scroll of noise {unknown}
 g - a scroll of blinking {unknown}
 h - a scroll of enchant weapon {unknown}
 i - 3 scrolls of identify {unknown}
Potions
 j - 2 potions of curing {unknown}
 k - 4 potions of haste {unknown}
 l - a potion of lignification {unknown}
 m - 2 potions of degeneration {unknown}
 n - a potion of invisibility {unknown}


   Skills:
 + Level 1.9 Fighting
 + Level 1.9 Short Blades
 + Level 1.9 Long Blades
 + Level 1.9 Axes
 + Level 1.9 Maces & Flails
 + Level 1.9 Polearms
 + Level 1.9 Staves
 + Level 1.9 Slings
 + Level 1.9 Bows
 + Level 1.9 Crossbows
 + Level 1.9 Throwing
 + Level 1.9 Armour
 + Level 4.9 Dodging
 + Level 4.5 Stealth
 + Level 1.9 Shields
 + Level 1.9 Unarmed Combat
 + Level 5.3 Spellcasting
 + Level 2.6 Conjurations
 + Level 1.5 Hexes
 + Level 1.5 Summonings
 + Level 1.5 Necromancy
 + Level 1.5 Translocations
 + Level 1.5 Transmutations
 + Level 5.6 Fire Magic
 + Level 1.5 Ice Magic
 + Level 1.5 Air Magic
 + Level 1.5 Earth Magic
 + Level 1.5 Poison Magic
 + Level 2.1 Invocations
 + Level 1.9 Evocations


You had 9 spell levels left.
You knew the following spells:

 Your Spells              Type           Power      Damage    Failure   Level
a - Foxfire               Conj/Fire      60%        2x1d7     3%          1
b - Scorch                Fire           38%        2d7       2%          2
c - Conjure Flame         Conj/Fire      15%        6-21      10%         3

Your spell library contained the following spells:

 Spells                   Type           Power      Damage    Failure   Level
 Animate Skeleton         Necr           14%        N/A       9%          1
 Apportation              Tloc           14%        N/A       9%          1
 Summon Small Mammal      Summ           28%        N/A       9%          1
 Inner Flame              Hex/Fire       13%        N/A       12%         3
 Blink                    Tloc           14%        N/A       14%         2
 Lesser Beckoning         Tloc           7%         N/A       26%         3
 Flame Wave               Conj/Fire      15%        2d5       30%         4
 Irradiate                Conj/Tmut      4%         3d14      90%         5
 Blade Hands              Tmut           3%         N/A       94%         5
 Manifold Assault         Tloc           7%         N/A       94%         5
 Dragon Form              Tmut           3%         N/A       100%        7


Dungeon Overview and Level Annotations

Branches:
Dungeon (4/15)
 Temple: D:4-7

Altars:
Trog
Yredelemnul

Annotations:
D:3 2 transporters, sbbq2022's ghost, amateur VSFi
D:4 Edmund


Innate Abilities, Weirdness & Mutations

You have very sharp teeth.
Your uncanny sense of smell can sniff out nearby items.
Your experience applies equally to all skills.


Message History

Edmund says, "People will remember me!
They'll remember me and die!"
Edmund clears his throat.
Edmund barely misses you.
Casting: Foxfire (safe; 3% risk of failure)
Confirm with . or Enter, or press ? or * to list all spells.
Flames lash Edmund.
Edmund is moderately wounded.
Edmund's fire resistance burns away.
Edmund hits you with a +2 flail of holy wrath!
You conjure some foxfire!
Edmund hits you with a +2 flail of holy wrath!
You conjure some foxfire!
The foxfire hits Edmund but does no damage.
Edmund is moderately wounded.
The foxfire hits Edmund.
Edmund is burned terribly!
Edmund is moderately wounded.
Edmund barely misses you.
You conjure some foxfire!
The foxfire hits Edmund but does no damage.
Edmund is moderately wounded.
The foxfire hits Edmund.
Edmund is burned terribly!
Edmund is moderately wounded.
Edmund hits you with a +2 flail of holy wrath!
You are too injured to fight recklessly!
Casting: Foxfire (safe; 3% risk of failure)
Confirm with . or Enter, or press ? or * to list all spells.
Flames lash Edmund but do no damage.
The foxfire hits Edmund!
Edmund is burned terribly!
Edmund is heavily wounded.
The foxfire hits Edmund but does no damage.
Edmund is heavily wounded.
Edmund hits you with a +2 flail of holy wrath!
* * * LOW HITPOINT WARNING * * *
Unknown command.
Casting: Scorch (safe; 2% risk of failure)
Confirm with . or Enter, or press ? or * to list all spells.
Flames lash Edmund.
Edmund is burned terribly!
Edmund is almost dead.
Edmund hits you with a +2 flail of holy wrath!
You die...

# #..........# #......... #
#..........# #.........
#####..........# ###.........
.##............#######...........
....................##.#.........
.....#...(..........#..#.........
..##.#................######.####
...#.#..............### #.#
##(............@@..># #.#
#...................##### #.#
........................####.####
...####.#...............)[..<....
#.. .....##.....$...............
... ..###.###..........[[........
#..### #.# ###....).............
..# #.# #.....<....(.......# #..
#...................#


You could see Edmund (combustible).

Vanquished Creatures
  Blork the orc (D:3)
  2 wights
  An orc priest (D:4)
  3 gnolls (D:4)
  A worm (D:2)
  3 dart slugs
  7 orcs
  3 ball pythons
  2 endoplasms
  4 giant cockroaches
  4 goblins
  4 hobgoblins
  4 jackals (D:1)
  3 quokkas
  A bat (D:3)
  3 frilled lizards
  10 kobolds
  4 rats
60 creatures vanquished.

Vanquished Creatures (others)
  271 foxfires
271 creatures vanquished.

Grand Total: 331 creatures vanquished

Notes
Turn   | Place    | Note
-------+----------+-------------------------------------------
     0 | D:1      | lessens the Gnoll Fire Elementalist began the quest for the
                  | Orb.
     0 | D:1      | Reached XP level 1. HP: 13/13 MP: 6/6
   107 | D:1      | Reached XP level 2. HP: 19/19 MP: 0/7
   819 | D:2      | Found a basalt altar of Yredelemnul.
   853 | D:2      | Reached XP level 3. HP: 25/25 MP: 3/9
   917 | D:2      | Reached skill level 5 in Spellcasting
   921 | D:2      | Learned a level 2 spell: Scorch
   925 | D:2      | Learned a level 3 spell: Conjure Flame
  1323 | D:2      | Reached skill level 1 in Invocations
  1706 | D:3      | Found a faded altar of an unknown god.
  1794 | D:3      | Found a transporter.
  1798 | D:3      | Found a transporter.
  1798 | D:3      | Noticed sbbq2022's ghost (amateur VSFi)
  1923 | D:3      | Found a bloodstained altar of Trog.
  2046 | D:3      | Reached skill level 1 in Fighting
  2046 | D:3      | Reached skill level 1 in Short Blades
  2046 | D:3      | Reached skill level 1 in Long Blades
  2046 | D:3      | Reached skill level 1 in Axes
  2046 | D:3      | Reached skill level 1 in Maces & Flails
  2046 | D:3      | Reached skill level 1 in Polearms
  2046 | D:3      | Reached skill level 1 in Staves
  2046 | D:3      | Reached skill level 1 in Slings
  2046 | D:3      | Reached skill level 1 in Bows
  2046 | D:3      | Reached skill level 1 in Crossbows
  2046 | D:3      | Reached skill level 1 in Throwing
  2046 | D:3      | Reached skill level 1 in Armour
  2046 | D:3      | Reached skill level 1 in Shields
  2046 | D:3      | Reached skill level 1 in Unarmed Combat
  2046 | D:3      | Reached skill level 1 in Evocations
  2399 | D:3      | Reached XP level 4. HP: 32/32 MP: 7/11
  2518 | D:4      | Noticed Edmund
  2558 | D:4      | Reached skill level 1 in Hexes
  2558 | D:4      | Reached skill level 1 in Summonings
  2558 | D:4      | Reached skill level 1 in Necromancy
  2558 | D:4      | Reached skill level 1 in Translocations
  2558 | D:4      | Reached skill level 1 in Transmutations
  2558 | D:4      | Reached skill level 1 in Ice Magic
  2558 | D:4      | Reached skill level 1 in Air Magic
  2558 | D:4      | Reached skill level 1 in Earth Magic
  2558 | D:4      | Reached skill level 1 in Poison Magic
  2598 | D:4      | Noticed Blork the orc
  2876 | D:4      | HP: 1/32 [Edmund (9)]
  3192 | D:4      | Noticed a gnoll sergeant
  3193 | D:4      | Reached XP level 5. HP: 37/37 MP: 6/12
  3201 | D:3      | Killed Blork the orc
  3470 | D:3      | Reached XP level 6. HP: 36/44 MP: 8/13
  3651 | D:4      | Slain by Edmund

Illustrated notes

Levels and vault maps discovered:
D:1:      lightli_arrival_boilingwater, layout_rooms
D:2:      minmay_kobold_bridge, layout_loops_cross, basic_altar
D:3:      layout_basic, lemuel_tele_altar, gammafunk_ghost_arena,
          shapermc_ecumenical_altar_mp_urbaneastern, st_stairs_13
D:4:      layout_rooms, portal_sewer_entry_f, glass_columns_b, uniq_edmund,
          uniq_blork_the_orc

Skill      XL: |  1  2  3  4  5 |
---------------+----------------+-----
Conjurations   | 2 |  2.6
Spellcasting   | 5 |  5.3
Invocations    | 1 2 |  2.1
Fighting       | 1 |  1.9
Short Blades   | 1 |  1.9
Long Blades    | 1 |  1.9
Axes           | 1 |  1.9
Maces & Flails | 1 |  1.9
Polearms       | 1 |  1.9
Staves         | 1 |  1.9
Slings         | 1 |  1.9
Bows           | 1 |  1.9
Crossbows      | 1 |  1.9
Throwing       | 1 |  1.9
Armour         | 1 |  1.9
Shields        | 1 |  1.9
Unarmed Combat | 1 |  1.9
Evocations     | 1 |  1.9
Hexes          | 1 |  1.5
Summonings     | 1 |  1.5
Necromancy     | 1 |  1.5
Translocations | 1 |  1.5
Transmutations | 1 |  1.5
Ice Magic      | 1 |  1.5
Air Magic      | 1 |  1.5
Earth Magic    | 1 |  1.5
Poison Magic   | 1 |  1.5
Dodging        | |  4.9
Stealth        | |  4.5
Fire Magic     | |  5.6

Action                   |  1- 3 |  4- 6 || total
-------------------------+-------+-------++-------
Melee: Short sword       |    13 |     2 ||    15
 Cast: Foxfire           |   101 |    66 ||   167
       Scorch            |       |     6 ||     6
Armor: Robe              |     5 |     2 ||     7
Dodge: Dodged            |    30 |    24 ||    54

Table legend: (Time is in decaauts)
 A = Elapsed time spent in this place.
 B = Non-inter-level travel time spent in this place.
 C = Inter-level travel time spent in this place.
 D = Time resting spent in this place.
 E = Time spent auto-exploring this place.
 F = Levels seen in this place.
 G = Mean time per level.
                   A        B        C        D        E       F      G
               +--------+--------+--------+--------+--------+-----+--------+
         Total |   3661 |   3372 |    289 |    519 |   2154 |   4 |  915.2 |
       Dungeon |   3661 |   3372 |    289 |    519 |   2154 |   4 |  915.2 |
               +--------+--------+--------+--------+--------+-----+--------+

Top non-repeatable levels by time:
     D:3: 1711 daAuts
     D:2: 899 daAuts
     D:1: 675 daAuts
     D:4: 375 daAuts
